 Dungeon Crawl Stone Soup version 0.31.0-11-ge490571c62 (webtiles) character file.

Game seed: 151952997812873145

147 Flugkiller the Chiller (level 5, 24/24 HPs)
             Began as a Vine Stalker Ice Elementalist on Feb 3, 2024.
             Quit the game on level 4 of the Dungeon.
             The game lasted 00:02:44 (698 turns).

Flugkiller the Chiller (VSIE)                        Turns: 698, Time: 00:02:45

Health: 24/24      AC:  5    Str: 11    XL:     5   Next: 29%
Magic:  6/12       EV: 12    Int: 17    God:
Gold:   149        SH:  0    Dex: 14    Spells: 8/12 levels left

rFire   . . .        d - +0 dagger
rCold   . . .        (no shield)
rNeg    . . .        a - +0 robe
rPois   .            (no helmet)
rElec   .            (no cloak)
rCorr   .            (no gloves)
SInv    +            h - +2 pair of boots
Will    .....        (no amulet)
Stlth   ++           i - ring of see invisible
HPRegen 1.04/turn    j - +4 ring of slaying
MPRegen 0.13/turn

%: guardian spirit
@: no status effects
A: fangs 2, regeneration 1, magic shield, antimagic bite, no potion heal 2
a: no special abilities


You were on level 4 of the Dungeon.
You visited 2 branches of the dungeon, and saw 6 of its levels.

You collected 149 gold pieces.

Inventory:

Hand Weapons
 d - a +0 dagger (weapon)
   (You took it off a goblin on level 1 of the Dungeon)
Armour
 a - a +0 robe (worn)
 h - a +2 pair of boots (worn)
   (You found it on level 3 of the Dungeon)
Jewellery
 i - a ring of see invisible (left hand)
   (You found it on level 1 of the Dungeon)
 j - a +4 ring of slaying (right hand)
   (You found it on level 3 of the Dungeon)
Talismans
 f - a serpent talisman
   (You found it on level 1 of the Dungeon)
Scrolls
 c - a scroll of enchant armour
 g - a scroll of fog
 t - 2 scrolls of teleportation
Potions
 b - a potion of magic
 e - a potion of berserk rage {unknown}
 q - a potion of curing


   Skills:
 - Level 1.5 Dodging
 - Level 2.4 Stealth
 + Level 4.1 Spellcasting
 + Level 5.3 Ice Magic


You had 8 spell levels left.
You knew the following spells:

 Your Spells              Type           Power      Damage    Failure   Level
a - Freeze                Ice            84%        1d9       1%          1
b - Frozen Ramparts       Ice            42%        1d7       5%          3

Your spell library contained the following spells:

 Spells                   Type           Power      Damage    Failure   Level
 Ozocubu's Armour         Ice            21%        N/A       5%          3
 Summon Ice Beast         Ice/Summ       12%        N/A       16%         3


Dungeon Overview and Level Annotations

Branches:
Dungeon (5/15) Zot: 26655  Temple (1/1) D:4 Zot: 5996

Altars:
Ashenzari
Cheibriados
Dithmenos
Elyvilon
Fedhas
Gozag
Kikubaaqudgha
Makhleb
Nemelex Xobeh
Okawaru
Qazlal
Ru
Trog
Uskayaw
Wu Jian
Xom
Zin
The Shining One

Shops:
D:2 !   D:4 *

Annotations:
D:3 Terence
D:4 2 runed translucent doors, Skimidon's ghost, amateur VSGl


Innate Abilities, Weirdness & Mutations

You have extremely sharp teeth.
Your natural rate of healing is unusually fast.
When hurt, damage is shared between your health and your magic reserves.
Your bite disrupts and absorbs the magic of your enemies.
Potions cannot restore your health.


Message History

Press: ? - help, Shift-Dir - straight line, f/p - Natasha
Aim: Natasha (almost dead)
You freeze Natasha.
You kill Natasha!
Natasha yowls pathetically as she dies!
The cerulean imp disappears in a puff of smoke!
There is an entrance to Vata's General Store here.
You can access your shopping list by pressing '$'.
Your magical contamination has completely faded away.
Found an escape hatch in the floor.
Found a scroll of teleportation.
Found a trident.
t - 2 scrolls of teleportation (gained 1)
q - a potion of curing A ball python comes into view.
Found a stone staircase leading up.
A hound comes into view.
Unknown command.
The hound misses you.
A quokka comes into view.
Found a sedimented clear potion.
Found a stone staircase leading up.
The hound bites you. The hound bites you but does no damage.
You hit the hound.
The hound is lightly wounded.
The hound bites you but does no damage.
Unknown command.
You barely miss the hound.
The hound is lightly wounded.
The hound barely misses you. The endoplasm barely misses you.
The hound bites you but does no damage.
You closely miss the hound. You bite the hound. You drain its power.
You feel invigorated.
The hound is moderately wounded.
The hound bites you but does no damage.
The endoplasm hits you but does no damage.
You hit the hound. You bite the hound, but do no damage.
The hound is heavily wounded.
The hound bites you but does no damage. The endoplasm misses you.
The hound bites you but does no damage.
You puncture the hound!
The hound is almost dead.
The hound barely misses you. The endoplasm closely misses you.
You closely miss the hound. Your bite misses the hound.
The hound is almost dead.
The hound misses you. The quokka misses you. The endoplasm freezes you.
You are frozen.
The hound bites you but does no damage.
You hit the hound.
You kill the hound!
The quokka closely misses you. The endoplasm freezes you.
You are frozen.
Your Spellcasting skill increases to level 4!
You have reached level 5!
You hit the endoplasm. You bite the endoplasm.
You kill the endoplasm!
The quokka bites you.
You hit the quokka but do no damage. The quokka barely misses you.
The quokka bites you but does no damage.
The quokka bites you but does no damage.
You barely miss the quokka. The quokka barely misses you.
You barely miss the quokka. The quokka closely misses you.
You hit the quokka.
You kill the quokka!
No target in view!
A ball python comes into view.
You see here a quokka corpse.
Found a scroll of fog.
Found a stone staircase leading down.
A bombardier beetle comes into view.
The ball python hisses angrily.
Unknown command.
Found 9 gold pieces.
You see here a sedimented clear potion.
e - a sedimented clear potion
Found 15 gold pieces.
You see here a scroll of fog.
g - a scroll of fog A quokka comes into view.
Found a +0 spear.
The ball python attacks as it pursues you!
The ball python barely misses you. x2
The ball python attacks as it pursues you!
The ball python barely misses you. The ball python misses you.
You see here 9 gold pieces.
Unknown command.
You now have 149 gold pieces (gained 9).
The ball python closely misses you. The ball python barely misses you.
The ball python attacks as it pursues you!
The ball python closely misses you. x2
A jelly comes into view.
The ball python bites you but does no damage.
The ball python closely misses you.
Casting: Freeze (safe; 1% risk of failure)
Confirm with . or Enter, or press ? or * to list all spells.
Aiming: Freeze (safe; 1% risk of failure)
Press: ? - help, Shift-Dir - straight line, f - ball python
Aim: a ball python You freeze the ball python!
You kill the ball python!
Are you sure you want to abandon this character and quit the game? (Confirm with "yes".)

#.# #.............. #.#
#.J............. #.#
#................ #..
#................(.###..
#............)..........
#.................# #.>
#......r..........## #.g
#......@...........# #.h
#................#$# #.[
#..................#.)(.
########.............##.
#............# #.
#............. ..
##B..........# #.
#....<.......
#..........>


You could see a bombardier beetle, a jelly and a quokka.

Vanquished Creatures
  2 hounds
  An iguana (D:4)
  Natasha (D:4)
  An adder (D:5)
  2 dart slugs
  An orc (D:5)
  2 endoplasms
  3 goblins
  3 hobgoblins
  2 quokkas (D:4)
  2 ball pythons
  2 bats
  2 frilled lizards (D:2)
  A rat (D:1)
25 creatures vanquished.

Notes
Turn   | Place    | Note
-------+----------+-------------------------------------------
     0 | D:1      | Flugkiller the Vine Stalker Ice Elementalist began the
                  | quest for the Orb.
     0 | D:1      | Reached XP level 1. HP: 9/9 MP: 4/4
    55 | D:1      | Found a faded altar of an unknown god.
    88 | D:2      | Found a sacrificial altar of Ru.
   106 | D:2      | Reached XP level 2. HP: 12/13 MP: 1/6
   229 | D:3      | Found a burning altar of Makhleb.
   265 | D:2      | Found Irphan's Distillery.
   321 | D:3      | Noticed Terence
   327 | D:4      | Found a runed translucent door.
   340 | D:4      | Noticed Natasha
   354 | D:5      | Entered Level 5 of the Dungeon
   361 | D:5      | Reached XP level 3. HP: 11/16 MP: 1/8
   365 | D:5      | Noticed a black bear
   380 | D:5      | Learned a level 3 spell: Frozen Ramparts
   382 | D:5      | Noticed a gnoll sergeant
   452 | D:5      | Reached XP level 4. HP: 21/21 MP: 7/10
   472 | D:4      | Found Vata's General Store.
   504 | D:4      | Reached skill level 5 in Ice Magic
   573 | D:4      | Found a runed translucent door.
   574 | D:4      | Noticed Skimidon's ghost (amateur VSGl)
   616 | D:4      | Found a staircase to the Ecumenical Temple.
   621 | Temple   | Entered the Ecumenical Temple
   623 | Temple   | wow
   643 | D:4      | Killed Natasha
   673 | D:4      | Reached XP level 5. HP: 20/24 MP: 4/12
   698 | D:4      | Quit the game

Illustrated notes

############
#..........#
#.________.#
#.__._____.#
#..........#
#<@._......#
#.....8....#
#..........#
#.8888.888.#
#.8888_888.#
#..........#
############


Turn 623 on Temple: wow

Levels and vault maps discovered:
D:1:      dpeg_arrival_simpleton_a, layout_basic,
          chequers_ecumenical_altar_lobes
D:2:      layout_basic, serial_shops, shop_statue, basic_altar,
          minmay_heptomino_l4
D:3:      layout_loops_ring, mainiacjoe_overflow_24_doors, roderic_batcave,
          minmay_strange_pillars, minmay_misc_feat_tiny, minmay_joined_circles,
          uniq_sigmund, uniq_terence
D:4:      layout_rooms, minmay_temple_entry_statues_pillars, serial_shops, shop,
          ebering_ghost_sewer_f, uniq_natasha
D:5:      layout_basic, serial_shops, nicolae_shop_back_alley_shop, uniq_duvessa
Temple:   sentei_temple_godly_chess

Skill      XL: |  1  2  3  4 |
---------------+-------------+-----
Spellcasting   | 3 4 |  4.1
Ice Magic      | 5 |  5.3
Dodging        | |  1.5
Stealth        | |  2.4

Action                     |  1- 3 |  4- 6 || total
---------------------------+-------+-------++-------
  Melee: Dagger            |    30 |    19 ||    49
         Bite              |     8 |     4 ||    12
         Unarmed           |     1 |       ||     1
   Cast: Freeze            |    14 |     6 ||    20
         Frozen Ramparts   |       |     2 ||     2
    Use: Scroll            |     2 |     2 ||     4
         Potion            |     1 |       ||     1
 Armour: Robe              |    39 |    22 ||    61
  Dodge: Dodged            |    52 |    29 ||    81
